 Dungeon Crawl Stone Soup version 0.21-a0-426-g98080a9 (webtiles) character file.

318 theanonym the Chopper (level 6, -8/50 HPs)
             Began as a Demonspawn Fighter on Nov 6, 2017.
             Splashed by an orc's acid (12 damage)
             ... on level 4 of the Dungeon.
             The game lasted 00:07:51 (3891 turns).

theanonym the Chopper (Demonspawn Fighter)          Turns: 3891, Time: 00:07:52

Health: -8/50      AC:  8    Str: 19    XL:     6   Next: 21%
Magic:  6/6        EV: 12    Int: 11    God:
Gold:   82         SH:  9    Dex: 17    Spells: 5/5 levels left

rFire    + . .     SeeInvis .   a - +0 war axe
rCold    . . .     Gourm    .   c - +0 shield
rNeg     . . .     Faith    .   s - +0 scale mail
rPois    .         Spirit   .   (helmet restricted)
rElec    .         Reflect  .   (no cloak)
rCorr    .         Harm     .   i - +0 pair of gloves
MR       .....     Rnd*Rage +   (no boots)
Stlth    +.........             (no amulet)
HPRegen  0.56/turn              z - ring of protection from fire
MPRegen  0.10/turn              (no ring)

@: agile
A: antennae 1, claws 1, rugged brown scales 1, berserk 1, clever 1, foul stench
1, regeneration 1, rot immunity
a: no special abilities


Innate Abilities, Weirdness & Mutations

You have sharp fingernails.
You are partially covered in rugged brown scales. (AC +1, +3% HP)
You may emit foul miasma when damaged in melee.
You are immune to rotting.
You have a pair of small antennae on your head.
You tend to lose your temper in combat.
Your mind is acute. (Int +2)
Your natural rate of healing is unusually fast.


   Skills:
 + Level 4.5 Fighting
 * Level 4.8 Axes
 + Level 3.0 Armour
 + Level 3.0 Shields


You had 5 spell levels left.
You didn't know any spells.

Skill      XL: |  1  2  3  4  5  6 |
---------------+-------------------+-----
Axes           | 2 3 4 |  4.8
Fighting       | 4 |  4.5
Armour         | 3 |  3.0
Shields        | 3 |  3.0

Action                   |  1- 3 |  4- 6 || total
-------------------------+-------+-------++-------
Melee: War axe           |   132 |   155 ||   287
 Fire: Blowgun           |       |    26 ||    26
Throw: Tomahawk          |       |     2 ||     2
Evoke: Wand              |       |     1 ||     1
  Use: Scroll            |       |     1 ||     1
       Potion            |       |     2 ||     2
  Eat: Chunk             |     3 |     4 ||     7
       Bread ration      |       |     1 ||     1
Armor: Scale mail        |    74 |    71 ||   145
Dodge: Dodged            |    42 |    44 ||    86
Block: Shield            |    83 |    72 ||   155

Inventory:

Hand Weapons
 a - a +0 war axe (weapon)
 b - a -1 blowgun
   (You took it off a kobold on level 2 of the Dungeon)
Missiles
 w - 10 poisoned needles
 y - 5 silver tomahawks (quivered)
Armour
 c - a +0 shield (worn)
 i - a +0 pair of gloves (worn)
   (You found it on level 1 of the Dungeon)
 s - a +0 scale mail (worn)
Jewellery
 z - a ring of protection from fire (left hand)
   (You took it off a hobgoblin on level 4 of the Dungeon)
Wands
 A - a wand of confusion (29/48)
   (You found it on level 4 of the Dungeon)
Scrolls
 e - 3 scrolls of amnesia {unknown}
 p - 4 scrolls of remove curse
 q - 2 scrolls of identify {unknown}
 t - a scroll of teleportation {unknown}
 u - a scroll of random uselessness {unknown}
Potions
 d - a potion of might
 g - a potion of cancellation {unknown}
 j - 2 potions of agility
 k - a potion of flight {unknown}
 l - a potion of heal wounds {unknown}
 m - a potion of curing {unknown}
 n - 2 potions of mutation
 o - 2 potions of haste {unknown}
 r - 2 potions of degeneration {unknown}
Comestibles
 f - 2 bread rations
 h - 2 royal jellies
 v - a meat ration
 x - 10 chunks of flesh

Dungeon Overview and Level Annotations

Branches:
Dungeon (4/15)
 Temple: D:4-7

Altars:
Elyvilon


You were on level 4 of the Dungeon.
You were not hungry.

You visited 1 branch of the dungeon, and saw 4 of its levels.

You collected 82 gold pieces.


Message History

You are too injured to fight recklessly!
You are too injured to fight recklessly!
You slash Natasha!
Natasha is engulfed in dark miasma.
Natasha is poisoned.
Natasha seems to slow down.
You kill Natasha!
Natasha screams in pain as she dies!
The crimson imp disappears in a puff of smoke!
Your Armour skill increases to level 3!
Your Shields skill increases to level 3!
You start resting.
An orc comes into view. It is wielding a hand axe.
b - a -1 blowgun (weapon)
The orc shouts!
Aim: an orc, wielding a hand axe and wearing a leather armour You shoot a poisoned needle.
The poisoned needle closely misses the orc.
Really target yourself? [Y]es or [N]o only, please.
Really target yourself?
Okay, then.
You start resting.
Aim: an orc, wielding a hand axe and wearing a leather armour You shoot a poisoned needle.
The poisoned needle barely misses the orc.
Okay, then.
You start resting. 2 orcs come into view.
Aim: an orc, wielding a hand axe and wearing a leather armour You shoot a poisoned needle.
The poisoned needle hits the orc.
The orc is poisoned.
The orc shouts!
You hear a shout!
An orc comes into view. It is wielding a hand axe.
The orc shouts!
a - a +0 war axe (weapon)
You are too injured to fight recklessly!
You slash the orc!
You kill the orc!
An orc comes into view. It is wielding a mace.
b - a -1 blowgun (weapon)
Aim: an orc, wielding a hand axe You shoot a poisoned needle.
The poisoned needle closely misses the orc. x2
An orc comes into view. It is wielding a falchion.
Aim: an orc, wielding a hand axe You shoot a poisoned needle.
The poisoned needle barely misses the orc.
The orc shouts!
Aim: an orc, wielding a war axe You shoot a poisoned needle.
The poisoned needle barely misses the orc.
You block the orc's attack.
a - a +0 war axe (weapon)
You are too injured to fight recklessly!
You barely miss the orc. The orc hits you with a war axe.
You emit a cloud of foul miasma!
You take 5 damage, and have 27/50 hp.
You slice the orc!!
You kill the orc!
You slash the orc!
You kill the orc!
The orc zaps a wand.
The bolt of acid hits you!
* * * LOW HITPOINT WARNING * * *
You are splashed with acid!
The acid burns!
* * * LOW HITPOINT WARNING * * *
It is a wand of acid (?/15).
You take 26 damage, and have 1/50 hp.
MASSIVE DAMAGE!!
It was a potion of mutation.
You feel extremely strange.
You feel clever.
You begin to heal more quickly.
You feel a little pissed off. A pair of antennae grows on your head!
It was a potion of agility.
You feel agile all of a sudden.
Okay, then.
Aim: an orc, wielding a mace, wearing a ring mail and carrying a wand of acid (?/15) {zapped: 1} (chance to defeat MR: 63%)
The orc appears confused.
Evoking this partially-identified wand wasted a few charges.
Found 11 gold pieces.
Found a stone staircase leading down.
You see here a poisoned needle.
Items here: ! $ )) ? [ † You slash the orc!
You kill the orc!
The orc cries.
Aim: an orc, wielding a mace, wearing a ring mail and carrying a wand of acid (?/15) {zapped: 1} (lightly wounded, confused)
You throw a silver tomahawk.
The silver tomahawk barely misses the orc.
Aim: an orc, wielding a mace, wearing a ring mail and carrying a wand of acid (?/15) {zapped: 1} (lightly wounded, confused)
You throw a silver tomahawk.
The silver tomahawk hits the orc but does no damage.
The orc seems less confused.
b - a -1 blowgun (weapon)
Aim: an orc, wielding a mace, wearing a ring mail and carrying a wand of acid (?/15) {zapped: 1} You shoot a poisoned needle.
The poisoned needle hits the orc.
The orc is poisoned.
Aim: an orc, wielding a mace, wearing a ring mail and carrying a wand of acid (?/15) {zapped: 1} (poisoned)
You shoot a poisoned needle. The poisoned needle hits the orc.
The orc looks even sicker.
a - a +0 war axe (weapon)
The orc zaps a wand.
The bolt of acid hits you!
* * * LOW HITPOINT WARNING * * *
You are splashed with acid!
The acid burns!
You die...

## ##. .. # ... .##. .$...
... #.#.# .. #.#.# >##
##.#.#####..# #.......)..#
># #..(o.@)).(# .#
#.(..####(.# .#
#(...####..##.#. ##.#
#(...............
###..######.#o#####....(###
#.#.......).[.# #.###.#
.#..###.###)### #$# .#
#.#.#.......# #.# .
#.#.#.#.##### ... .


You could see an orc.

Notes
Turn   | Place    | Note
-------+----------+-------------------------------------------
     0 | D:1      | theanonym the Demonspawn Fighter began the quest for the Orb.
     0 | D:1      | Reached XP level 1. HP: 18/18 MP: 1/1
   139 | D:1      | Reached skill level 2 in Axes
   200 | D:1      | Gained mutation: You are partially covered in rugged brown scales. (AC +1, +3% HP) [demonic ancestry]
   200 | D:1      | Reached XP level 2. HP: 15/24 MP: 2/2
   670 | D:1      | HP: 10/24 [leopard gecko (3)]
   685 | D:1      | HP: 5/24 [leopard gecko (2)]
   686 | D:1      | Gained mutation: You are immune to rotting. [demonic ancestry]
   686 | D:1      | Reached XP level 3. HP: 7/29 MP: 3/3
  1408 | D:2      | Reached skill level 3 in Axes
  1505 | D:2      | You fall through a shaft!
  1505 | D:3      | Found a faded altar of an unknown god.
  1666 | D:2      | Noticed Jessica
  1673 | D:2      | Killed Jessica
  1673 | D:2      | Gained mutation: You may emit foul miasma when damaged in melee. [demonic ancestry]
  1673 | D:2      | Reached XP level 4. HP: 25/38 MP: 4/4
  2147 | D:3      | Found a white marble altar of Elyvilon.
  2602 | D:3      | Reached skill level 4 in Fighting
  2861 | D:2      | HP: 19/38 [poisoned by a kobold]
  2868 | D:2      | HP: 17/38 [poisoned by a kobold]
  2875 | D:2      | HP: 16/38 [poisoned by a kobold]
  2883 | D:2      | HP: 15/38 [poisoned by a kobold]
  3129 | D:2      | HP: 17/38 [orc priest/divine providence (12)]
  3130 | D:2      | Reached skill level 4 in Axes
  3130 | D:2      | Reached XP level 5. HP: 19/43 MP: 5/5
  3611 | D:4      | Noticed Natasha
  3623 | D:4      | Killed Natasha
  3764 | D:4      | Gained mutation: You have sharp fingernails. [demonic ancestry]
  3764 | D:4      | Reached XP level 6. HP: 44/50 MP: 6/6
  3836 | D:4      | Noticed Natasha
  3846 | D:4      | Killed Natasha
  3846 | D:4      | Reached skill level 3 in Armour
  3846 | D:4      | Reached skill level 3 in Shields
  3868 | D:4      | HP: 10/50 [orc/wand of acid (?/15) (17)]
  3868 | D:4      | HP: 1/50 [acid (9)]
  3869 | D:4      | Gained mutation: Your mind is acute. (Int +2) [potion of mutation]
  3869 | D:4      | Gained mutation: Your natural rate of healing is unusually fast. [potion of mutation]
  3869 | D:4      | Gained mutation: You tend to lose your temper in combat. [potion of mutation]
  3869 | D:4      | Gained mutation: You have a pair of small antennae on your head. [potion of mutation]
  3891 | D:4      | HP: 4/50 [orc/wand of acid (?/15) (10)]
  3891 | D:4      | Splashed by an orc's acid

Vanquished Creatures
  2 orc priests
  An orc wizard (D:3)
  Jessica (D:2)
  Natasha (twice) (D:4)
  5 adders
  An ooze (D:2)
  A dart slug (D:3)
  6 leopard geckos
  15 orcs
  2 giant cockroaches (D:1)
  3 goblins
  12 hobgoblins
  4 jackals
  7 kobolds
  2 quokkas
  2 ball pythons (D:1)
  8 bats
  5 frilled lizards
  6 rats
85 creatures vanquished.
